Description

aaaaaa

VOD

https://www.youtube.com/watch?v=gYrY76NYx4M

Replay - Guide - How to play Terran vs Protoss in 2020! by Beastyqt

Build Order

Get SALT Encoding   

  12  0:00  SCV  
  13  0:13  SCV  
  14  0:17  Supply Depot  
  14  0:25  SCV  
  15  0:39  SCV  
  15  0:40  Barracks  
  16  0:46  Refinery  
  16  0:51  SCV  
  17  1:03  SCV  
  18  1:15  SCV  
  19  1:28  Reaper  
  19  1:29  Orbital Command  
  20  1:44  Command Center  
  20  1:56  SCV  
  20  1:57  Supply Depot  
  20  2:00  Marine  
  22  2:08  SCV  
  23  2:11  Factory  
  23  2:20  SCV  
  23  2:22  Barracks Reactor  
  24  2:25  Bunker  
  24  2:28  Refinery  
  26  2:57  Starport  
  27  2:59  Orbital Command  
  27  3:01  Marine x2  
  27  3:05  Widow Mine  
  32  3:19  Marine x2  
  34  3:24  Supply Depot  
  36  3:29  Widow Mine  
  36  3:34  Medivac  
  41  3:37  Marine x2  
  44  3:47  Supply Depot  
  45  3:51  Widow Mine  
  48  3:58  Marine x2  
  51  4:09  Starport Tech Lab  
  53  4:11  Barracks x2  
  54  4:17  Supply Depot  
  54  4:18  Marine  
  54  4:19  Factory Tech Lab  
  57  4:25  Refinery  
  58  4:34  Raven  
  62  4:41  Siege Tank  
  68  4:55  Engineering Bay  
  74  5:15  Siege Tank  
  79  5:23  Stimpack  
  79  5:24  Starport Reactor  
  79  5:25  Barracks Tech Lab  
  83  5:32  Terran Infantry Weapons Level 1  
  84  5:36  Refinery  
  84  5:45  Combat Shield  
  87  5:58  Command Center  
  87  6:02  Marauder x2  
  93  6:05  Medivac  
  93  6:10  Medivac  
  97  6:16  Barracks x2  
  97  6:19  Factory Reactor  
  103  6:44  Marauder x2  
  107  6:54  Medivac x2  
  115  7:01  Armory  
  115  7:03  Engineering Bay  
  117  7:12  Factory Reactor, Orbital Command  
  118  7:18  Marauder x2  
  125  7:27  Terran Infantry Armor Level 1  
  119  7:30  Orbital Command  
  119  7:32  Medivac x2, Marauder  
  127  7:39  Concussive Shells, Marauder  
  128  7:50  Marauder x2  
  120  7:57  Missile Turret x2  
  123  8:03  Missile Turret x2  
  127  8:09  Terran Infantry Weapons Level 2  
  120  8:14  Terran Ship Weapons Level 1  
  120  8:17  Refinery x2  
  125  8:29  Medivac x2  
  133  8:44  Starport  
  133  8:47  Liberator  
  141  8:57  Fusion Core  
  141  9:00  Command Center  
  143  9:06  Liberator  
  160  9:25  Starport Reactor  
  160  9:26  Widow Mine x2  
  174  9:46  Ghost Academy, Liberator, Advanced Ballistics  
  175  9:54  Missile Turret x3  
Spawning Tool Build Advisor. Get it on Overwolf

Go to:

Details

  • Created by: LLDupi
  • Published on: Jul 01, 2020
  • Modified on: Jul 01, 2020
  • Patch: 4.11.0
  • Difficulty: Easy
Show
View Real Time Build Order
Export as new Build Order

Comments (0)

There are no comments. Be the first!

Create an account to comment!